[Event "ISR-ch Open 2018"]
[Site "Ma'alot-Tarshih"]
[Date "2018.12.17"]
[Round "6"]
[White "Frenkel, Ran"]
[Black "Zhizmer, Yuri"]
[Result "1/2-1/2"]
[ECO "E12"]
[WhiteElo "2252"]
[BlackElo "2326"]
[Annotator "NA"]
[PlyCount "234"]
[EventDate "2018.12.12"]
[EventType "swiss"]
[EventCountry "ISR"]
[SourceTitle "playchess.com"]
[Source "ChessBase"]
[SourceQuality "1"]
[TimeControl "40/5400+30:1800+30"]

1. c4 c6 2. e4 d5 3. exd5 cxd5 4. d4 Nf6 5. Nc3 e6 6. Bg5 Be7 7. Nf3 O-O 8. Bd3 dxc4 9. Bxc4 b6 10. O-O Bb7 11. Qe2 Nc6 12. Rad1 Nb4 {[%emt 0:09:27] E12: Queen's Indian: Unusual White 4th moves, 4 a3, 4 Nc3 Bb7 5 a3 and 4 Nc3 Bb7} 13. Rfe1 Nbd5 14. Ne5 {[%emt 0:12:05] LiveBook: 3 Games} Nxc3 (14... h6 15. Bc1 Rc8 16. Rd3 Nxc3 17. bxc3 b5 18. Bb3 Ne4 19. Qg4 {1-0 (39) Cheparinov,I (2650)-Battaglini,G (2452) Bastia 2011}) 15. bxc3 Ne4 16. Bxe7 Qxe7 17. Qc2 $146 ({Predecessor:} 17. Qd3 Nd6 18. Bb3 Rfd8 19. h3 Rac8 20. Rc1 Rc7 21. Re3 Qg5 22. Qf1 {½-½ (23) Kucera,P (2025)-Rozsafny,M (1740) Usti nad Labem 2009}) 17... Nf6 18. Re3 Rac8 19. Rde1 Nd5 20. Rh3 g6 21. Rg3 Rc7 $11 22. Bb3 Qh4 23. Qd2 Qf4 24. Qb2 Ne7 25. Rg4 Qh6 26. c4 Nf5 27. c5 Rd8 28. Nxf7 Rxf7 29. Bxe6 Bd5 30. Bxf7+ Bxf7 31. cxb6 axb6 32. Qxb6 Qf8 33. Rge4 Bxa2 34. Qxd8 Qxd8 35. Re8+ Qxe8 36. Rxe8+ Kf7 37. Ra8 Bd5 38. Ra7+ Ne7 39. f3 h5 40. Kf2 Kf6 41. Ra6+ Kf7 42. Ke3 g5 43. g4 hxg4 44. fxg4 Ng6 45. Ra7+ Kf6 46. Ra6+ Kf7 47. Ra1 Ke7 48. Ra5 Kd6 49. Ra6+ Bc6 50. d5 Kxd5 51. Ra5+ Ke6 52. Rxg5 Kf6 53. Rh5 Ba4 54. Kf2 Bc2 55. Rc5 Bd1 56. Kg3 Ne5 57. h3 Ke6 58. Rc1 Ba4 59. Rf1 Bb5 60. Rf2 Ba4 61. Ra2 Bb5 62. h4 Bc4 63. Rf2 Nd3 64. Rf8 Ke7 65. Rf3 Ne5 66. Rf4 Be6 67. g5 Nf7 68. Re4 Nd6 69. Re5 Nf5+ 70. Kg4 Ng7+ 71. Kf4 Kf7 72. Ra5 Kg6 73. Ra7 Nh5+ 74. Ke5 Bg4 75. Ra6+ Kg7 76. Rh6 Be2 77. Kf5 Bd3+ 78. Kg4 Be2+ 79. Kh3 Bf1+ 80. Kh2 Be2 81. Kg1 Bg4 82. Kf2 Bd1 83. Rd6 Bg4 84. Rd4 Bf5 85. Kf3 Bg6 86. Rd7+ Kf8 87. Rd6 Kg7 88. Kg4 Kh7 89. Rd7+ Kg8 90. Ra7 Kh8 91. Kf3 Kg8 92. Ke3 Kf8 93. Kd4 Kg8 94. Ke5 Kf8 95. Ke6 Kg8 96. Ke7 Kg7 97. Ra6 Ng3 98. Ke6 Nh5 99. Ra7+ Kg8 100. Ra1 Kg7 101. Rf1 Kg8 102. Ke7 Kg7 103. Rf3 Kg8 104. Rf8+ Kg7 105. Rf3 Kg8 106. Ke6 Kg7 107. Ke5 Kg8 108. Kd4 Kg7 109. Ke3 Kg8 110. Kf2 Kg7 111. Kg1 Kg8 112. Kh2 Kg7 113. Kh3 Kg8 114. Rf2 Kg7 115. Kg4 Kg8 116. Rb2 Kg7 117. Rb6 Kg8 1/2-1/2

[Event "ISR-ch Open 2018"]
[Site "Ma'alot-Tarshih"]
[Date "2018.12.17"]
[Round "6"]
[White "Emanuel, Yahav"]
[Black "Gleizer, Mark"]
[Result "1-0"]
[ECO "C41"]
[WhiteElo "2221"]
[BlackElo "2186"]
[Annotator "NA"]
[PlyCount "93"]
[EventDate "2018.12.12"]
[EventType "swiss"]
[EventCountry "ISR"]
[SourceTitle "playchess.com"]
[Source "ChessBase"]
[SourceQuality "1"]
[TimeControl "40/5400+30:1800+30"]

1. e4 e5 2. Nf3 d6 3. d4 Nf6 4. Nc3 Nbd7 5. Bc4 Be7 6. O-O c6 7. a4 a5 8. Qe2 O-O 9. h3 Qc7 10. Rd1 Nb6 {[%emt 0:03:20] LiveBook: 3 Games C41: Philidor Defence} (10... exd4 11. Nxd4 Re8 12. Bf4 Bf8 13. Nf5 Ne5 14. Ng3 Be6 15. Bxe6 Rxe6 16. b3 Rae8 17. Rd4 Ng6 18. Qd2 Nxf4 19. Qxf4 {0-1 (53) Macieja,B (2629)-Cyborowski,L (2543) Warsaw 2003}) 11. Bb3 Nfd7 12. Be3 exd4 13. Bxd4 Ne5 14. Rd2 $146 ({Predecessor:} 14. Ne1 Ng6 15. f4 Kh8 16. Qf2 Nd7 17. g3 Nc5 18. Bxc5 dxc5 {0-1 (37) Kosakowski,J (1950)-Nester,I (2247) Rewal 2014}) 14... Ng6 15. Rad1 Be6 16. Bxe6 fxe6 17. Bxb6 Qxb6 18. Qc4 d5 ({Better is} 18... Nf4 $15 19. Ne2 d5) 19. exd5 exd5 {[%emt 0:06:37] [#]} 20. Rxd5 $1 cxd5 21. Nxd5 Qa6 22. Nxe7+ Kh8 $11 23. Qxa6 Rxa6 24. Nxg6+ Rxg6 25. Rd5 b6 26. Ne5 Re6 27. h4 g6 28. g3 h6 29. f4 Kg8 30. Kf2 Rc8 31. c4 Kf8 32. g4 Ke8 33. b3 Rc7 34. Kf3 h5 35. gxh5 gxh5 36. f5 Rf6 37. Ng6 Kf7 38. Kf4 Kg7 39. Kg5 Rcf7 40. Nf4 Kh7 41. Ne6 Kg8 42. c5 bxc5 43. Rxc5 Kh7 44. Rxa5 Rh6 45. Rb5 Rff6 46. Rb7+ Kg8 47. Re7 1-0

[Event "ISR-ch Open 2018"]
[Site "Ma'alot-Tarshih"]
[Date "2018.12.18"]
[Round "7"]
[White "Baron, Tal"]
[Black "Kobo, Ori"]
[Result "0-1"]
[ECO "B57"]
[WhiteElo "2532"]
[BlackElo "2494"]
[Annotator "ChessBase"]
[PlyCount "68"]
[EventDate "2018.12.11"]
[EventType "swiss"]
[EventCountry "ISR"]
[SourceTitle "playchess.com"]
[Source "ChessBase"]
[SourceQuality "1"]
[TimeControl "40/5400+30:1800+30"]

1. e4 c5 2. Nc3 Nc6 3. Nge2 Nf6 4. d4 cxd4 5. Nxd4 d6 6. Bc4 Qb6 7. Nb3 e6 8. Qe2 Be7 9. Be3 Qc7 10. g4 a6 11. Bd3 b5 12. g5 Nd7 13. h4 Bb7 14. f4 Nc5 15. Qf2 Nb4 16. Nxc5 dxc5 17. Bf1 Rd8 18. Bg2 Rd3 19. Rh3 Rd7 20. Kf1 O-O 21. Kg1 f5 22. a3 Nc6 23. exf5 Rxf5 24. Ne4 Ne5 25. Qe2 Ng6 26. Rf1 Nxf4 27. Bxf4 Rxf4 28. Re1 c4 29. Kh1 Rd4 30. Nf2 Bxg2+ 31. Kxg2 Qc6+ 32. Rf3 e5 33. Kg3 Rd2 34. Qe3 Bc5 0-1

[Event "ISR-ch Open 2018"]
[Site "Ma'alot-Tarshih"]
[Date "2018.12.18"]
[Round "7"]
[White "Steinberg, Nitzan"]
[Black "Mikhalevski, Victor"]
[Result "1/2-1/2"]
[ECO "C60"]
[WhiteElo "2532"]
[BlackElo "2579"]
[Annotator "ChessBase"]
[PlyCount "42"]
[EventDate "2018.12.11"]
[EventType "swiss"]
[EventCountry "ISR"]
[SourceTitle "playchess.com"]
[Source "ChessBase"]
[SourceQuality "1"]
[TimeControl "40/5400+30:1800+30"]

1. e4 e5 2. Nf3 Nc6 3. Bb5 g6 4. c3 Bg7 5. d4 exd4 6. cxd4 a6 7. Bxc6 dxc6 8. Nc3 Nf6 9. O-O h6 10. h3 O-O 11. Re1 b6 12. Bf4 Bb7 13. Qd2 Kh7 14. Rad1 Qe7 15. Be5 Rae8 16. d5 cxd5 17. exd5 Qd8 18. Qd4 Nh5 19. Bxg7 Rxe1+ 20. Rxe1 Nxg7 21. g4 c6 1/2-1/2

[Event "ISR-ch Open 2018"]
[Site "Ma'alot-Tarshih"]
[Date "2018.12.18"]
[Round "7"]
[White "Dvoirys, Semen I."]
[Black "Galburd, Yan"]
[Result "1-0"]
[ECO "C42"]
[WhiteElo "2528"]
[BlackElo "2382"]
[Annotator "ChessBase"]
[PlyCount "69"]
[EventDate "2018.12.11"]
[EventType "swiss"]
[EventCountry "ISR"]
[SourceTitle "playchess.com"]
[Source "ChessBase"]
[SourceQuality "1"]
[TimeControl "40/5400+30:1800+30"]

1. e4 e5 2. Nf3 Nf6 3. Nxe5 d6 4. Nf3 Nxe4 5. d4 d5 6. Bd3 Bf5 7. O-O Be7 8. Re1 O-O 9. Nbd2 Nd6 10. Nf1 Nd7 11. Ng3 Bxd3 12. Qxd3 Nf6 13. Bf4 g6 14. Re2 Nde4 15. Qb3 Bd6 16. Be5 Bxe5 17. dxe5 Nc5 18. Qe3 Nfd7 19. Rd1 c6 20. c4 Qa5 21. cxd5 cxd5 22. Rxd5 Qxa2 23. Red2 Nb6 24. Rxc5 Nc4 25. Rxc4 Qxc4 26. Rd4 Qc7 27. h4 Rac8 28. Rd1 Qc2 29. Re1 f6 30. exf6 Rxf6 31. Ne4 Rb6 32. Qd4 Rf8 33. Neg5 h6 34. Re7 Qd1+ 35. Qxd1 1-0

[Event "ISR-ch Open 2018"]
[Site "Ma'alot-Tarshih"]
[Date "2018.12.18"]
[Round "7"]
[White "Greenfeld, Alon"]
[Black "Bakalchuk, Johnatan"]
[Result "1-0"]
[ECO "E68"]
[WhiteElo "2504"]
[BlackElo "2442"]
[Annotator "ChessBase"]
[PlyCount "65"]
[EventDate "2018.12.11"]
[EventType "swiss"]
[EventCountry "ISR"]
[SourceTitle "playchess.com"]
[Source "ChessBase"]
[SourceQuality "1"]
[TimeControl "40/5400+30:1800+30"]

1. d4 Nf6 2. c4 g6 3. g3 Bg7 4. Bg2 O-O 5. Nc3 d6 6. Nf3 Nbd7 7. O-O e5 8. e4 exd4 9. Nxd4 Re8 10. h3 Nc5 11. Re1 Bd7 12. Rb1 a5 13. Ndb5 Bc6 14. Qc2 Nfd7 15. Be3 Ne5 16. Rbd1 Qb8 17. b3 Ne6 18. Nd5 Nd7 19. f4 Nf6 20. Nbc3 Nf8 21. Bd4 N6d7 22. Bxg7 Kxg7 23. Qf2 f6 24. e5 fxe5 25. fxe5 Nxe5 26. Qf6+ Kg8 27. Nb5 Nfd7 28. Ne7+ Rxe7 29. Qxe7 Bxg2 30. Kxg2 b6 31. Nxc7 a4 32. Ne6 Qb7+ 33. Rd5 1-0

[Event "ISR-ch Open 2018"]
[Site "Ma'alot-Tarshih"]
[Date "2018.12.18"]
[Round "7"]
[White "Gruenfeld, Yehuda"]
[Black "Zanan, Evgeny"]
[Result "0-1"]
[ECO "B96"]
[WhiteElo "2421"]
[BlackElo "2521"]
[Annotator "ChessBase"]
[PlyCount "62"]
[EventDate "2018.12.11"]
[EventType "swiss"]
[EventCountry "ISR"]
[SourceTitle "playchess.com"]
[Source "ChessBase"]
[SourceQuality "1"]
[TimeControl "40/5400+30:1800+30"]

1. e4 c5 2. Nf3 d6 3. d4 cxd4 4. Nxd4 Nf6 5. Nc3 a6 6. Bg5 e6 7. f4 h6 8. Bh4 Qb6 9. a3 Be7 10. Bf2 Qc7 11. Qf3 Nbd7 12. O-O-O b5 13. Kb1 Rb8 14. Nb3 b4 15. axb4 Rxb4 16. Rd4 Rxd4 17. Bxd4 Bb7 18. Bd3 O-O 19. g4 e5 20. Be3 d5 21. g5 d4 22. gxf6 Bxf6 23. Nd5 Bxd5 24. exd5 dxe3 25. Qe4 Rb8 26. fxe5 Nxe5 27. Bxa6 Qa7 28. Be2 Ra8 29. c3 Qa2+ 30. Kc2 Rb8 31. Bc4 Qa4 0-1

[Event "ISR-ch Open 2018"]
[Site "Ma'alot-Tarshih"]
[Date "2018.12.18"]
[Round "7"]
[White "Bronstein, Or"]
[Black "Taichman, Ori"]
[Result "1-0"]
[ECO "E73"]
[WhiteElo "2359"]
[BlackElo "2303"]
[Annotator "NA"]
[PlyCount "119"]
[EventDate "2018.12.11"]
[EventType "swiss"]
[EventCountry "ISR"]
[SourceTitle "playchess.com"]
[Source "ChessBase"]
[SourceQuality "1"]
[TimeControl "40/5400+30:1800+30"]

1. d4 Nf6 2. c4 g6 3. Nc3 Bg7 4. e4 d6 5. Be2 O-O 6. Be3 {[%emt 0:00:05] LiveBook: 795 Games} e5 7. d5 c5 {[%emt 0:07:54] E73: King's Indian: Averbakh Variation without 6...c5} (7... a5 8. g4 Na6 9. h4 Nc5 10. f3 h5 11. g5 Nh7 12. Kd2 Bd7 13. Nh3 c6 14. Nf2 cxd5 15. exd5 f5 16. gxf6 Nxf6 17. Bxc5 dxc5 {0-1 (37) Vallejo Pons,F (2705)-Radjabov,T (2741) Palma de Mallorca 2017}) 8. g4 Ne8 9. h4 f5 10. gxf5 gxf5 11. exf5 Bxf5 12. h5 $146 ({Predecessor:} 12. Nf3 Nd7 13. h5 e4 14. Nh4 Bxc3+ 15. bxc3 {0-1 (36) Hejazipour,M (2307)-Matta,V (2227) Stockholm 2017}) 12... e4 13. Qd2 Nd7 14. Nh3 Ne5 15. Ng5 Nd3+ 16. Bxd3 exd3 17. O-O-O Nc7 18. Rhg1 Kh8 19. Nge4 Rf7 $18 (19... Be5 $16 {was worth a try.}) 20. Bf4 Bxe4 21. Nxe4 Qh4 22. Rxg7 Rxg7 23. h6 Rg6 24. Nxd6 Rf8 25. Be5+ Kg8 26. f4 b6 27. Ne4 Na6 28. d6 Nb4 29. Kb1 Qh3 30. a3 Nc6 31. Bg7 Rd8 32. Qxd3 Qxd3+ 33. Rxd3 Re6 34. Nf6+ Kf7 35. Nxh7 Rexd6 36. Ng5+ Kg6 37. Rg3 Rd1+ 38. Ka2 R8d3 39. Nf3+ Kh7 40. f5 Rxf3 41. Rxf3 Rd7 42. Re3 Ne7 43. Rf3 Nc6 44. f6 Ne5 45. Rf4 Kg8 46. Rh4 Kh7 47. Re4 Ng6 48. b4 Rc7 49. Kb3 cxb4 50. axb4 Rd7 51. Ka4 a6 52. Re6 Rb7 53. c5 bxc5 54. bxc5 Rc7 55. c6 Kg8 56. f7+ Kxf7 57. Rf6+ Kg8 58. Rxg6 Kh7 59. Be5 Re7 60. Rg7+ 1-0

[Event "ISR-ch Open 2018"]
[Site "Ma'alot-Tarshih"]
[Date "2018.12.18"]
[Round "7"]
[White "Zhizmer, Yuri"]
[Black "Libman, Guy"]
[Result "1-0"]
[ECO "B18"]
[WhiteElo "2326"]
[BlackElo "2299"]
[Annotator "NA"]
[PlyCount "129"]
[EventDate "2018.12.11"]
[EventType "swiss"]
[EventCountry "ISR"]
[SourceTitle "playchess.com"]
[Source "ChessBase"]
[SourceQuality "1"]
[TimeControl "40/5400+30:1800+30"]

1. d4 d5 2. Nf3 Nf6 3. e3 Bf5 4. Bd3 Bxd3 5. Qxd3 c6 6. Nbd2 e6 7. O-O Nbd7 8. e4 dxe4 9. Nxe4 Nxe4 10. Qxe4 Be7 11. c3 O-O 12. Re1 Nf6 {[%emt 0:01:34] B18: Classical Caro-Kann: 4...Bf5 sidelines} 13. Qc2 Qc7 (13... c5) 14. Bg5 Rfd8 $146 ({Predecessor:} 14... Rad8 15. Bxf6 Bxf6 16. Rad1 Rd5 17. Rd2 Rfd8 18. Rde2 a6 19. Qe4 {½-½ (33) Kiraly,F (1964)-Szabo,K (1966) Hungary 2009}) 15. Bxf6 Bxf6 16. Rad1 h6 17. h3 Rd7 18. Nh2 Rd5 19. Ng4 Qe7 20. a4 Rad8 21. Qb3 Bg5 22. Ne5 Bf6 23. Nd3 Qc7 24. Ra1 a5 25. Re4 R5d6 26. Rae1 b6 27. Qc4 g6 28. R1e3 Bg7 29. h4 Rd5 30. Nf4 R5d6 31. g3 c5 32. Re2 Qc6 33. dxc5 $1 Rd1+ 34. Kh2 bxc5 35. Ng2 h5 36. Ne1 R1d2 $11 37. Nf3 Rxe2 38. Qxe2 Qd5 39. Ne5 Bxe5 40. Rxe5 Qc6 41. Rg5 Rc8 42. Qxh5 Qxa4 43. Qe2 Kf8 44. Rg4 Qc6 45. Rf4 Rd8 46. Qe5 Kg8 47. Qf6 Rd7 48. h5 gxh5 49. Qg5+ Kf8 50. Qxh5 Ke8 51. Qh8+ Ke7 52. Qg7 Kd6 53. Qf8+ Kc7 54. Rxf7 Rxf7 55. Qxf7+ Kb6 56. Qf4 Qd5 57. g4 e5 58. Qf6+ Kb5 59. g5 Kc4 60. g6 Kd3 61. g7 Kc2 62. Qg6+ Kxb2 63. g8=Q Qxg8 64. Qxg8 a4 65. Qb8+ 1-0

[Event "ISR-ch Open 2018"]
[Site "Ma'alot-Tarshih"]
[Date "2018.12.18"]
[Round "7"]
[White "Mordechai, Hanan"]
[Black "Iliaguev, Nisim"]
[Result "1/2-1/2"]
[ECO "B40"]
[WhiteElo "2310"]
[BlackElo "2338"]
[Annotator "NA"]
[PlyCount "51"]
[EventDate "2018.12.11"]
[EventType "swiss"]
[EventCountry "ISR"]
[SourceTitle "playchess.com"]
[Source "ChessBase"]
[SourceQuality "1"]
[TimeControl "40/5400+30:1800+30"]

1. e4 c5 2. Nf3 e6 3. d4 cxd4 4. Nxd4 Nf6 5. Bd3 Nc6 6. Nxc6 bxc6 7. O-O d5 8. Nd2 Be7 9. Qe2 O-O 10. b3 Bb7 {[%emt 0:04:27] B40: Sicilian: 2...e6, Unusual lines} 11. Bb2 {[%emt 0:04:39] LiveBook: 3 Games} c5 12. e5 Nd7 13. f4 (13. c4 a5 14. cxd5 Bxd5 15. Ne4 Re8 16. Rfd1 Qc7 17. Bb5 Red8 18. Nc3 {1-0 (58) Kovalev,V (2539)-Moiseenko,A (2692) Wroclaw 2014}) 13... g6 $146 ({Predecessor:} 13... h6 14. Kh1 Rc8 15. f5 exf5 16. Bxf5 Kh8 17. Qg4 Rc7 18. Bxd7 Rxd7 19. e6 {1-0 (19) Kabisch,T (2298)-Schmidt,T (2122) Ditzingen 2015}) 14. c4 a5 15. cxd5 Bxd5 16. Bb5 Nb6 17. a4 Qc7 18. Nc4 Rfd8 19. Bc3 Nxc4 20. bxc4 Bb7 21. Rfd1 Rxd1+ 22. Rxd1 Rd8 23. Rd2 Ba8 24. Qd1 Kg7 $11 25. Rxd8 Bxd8 26. Qd7 1/2-1/2

[Event "ISR-ch Open 2018"]
[Site "Ma'alot-Tarshih"]
[Date "2018.12.18"]
[Round "7"]
[White "Lukin, Elisha"]
[Black "Frenkel, Ran"]
[Result "1/2-1/2"]
[ECO "A21"]
[WhiteElo "2280"]
[BlackElo "2252"]
[Annotator "NA"]
[PlyCount "130"]
[EventDate "2018.12.11"]
[EventType "swiss"]
[EventCountry "ISR"]
[SourceTitle "playchess.com"]
[Source "ChessBase"]
[SourceQuality "1"]
[TimeControl "40/5400+30:1800+30"]

1. d4 d6 2. c4 e5 3. Nc3 exd4 4. Qxd4 Nc6 5. Qd2 Nf6 6. g3 g6 {[%emt 0:00:47] A21: English Opening: 1...e5 2 Nc3} 7. Bg2 Bg7 8. Nh3 (8. b3 O-O 9. Bb2 a5 10. Nf3 Re8 11. O-O Bf5 12. Nh4 Bd7 13. Rad1 Qc8 14. Rfe1 Ne5 15. Nf3 Nxf3+ 16. Bxf3 Bc6 17. Nd5 Bxd5 18. cxd5 {1-0 (31) Dreev,A (2667)-Aronian,L (2815) Dubai 2014}) 8... Be6 9. b3 $146 ({Predecessor:} 9. Nd5 Ne5 10. Qc2 c6 11. Ne3 Qa5+ 12. Bd2 Qa6 13. b3 O-O {1-0 (42) Jauernig,U-Schatz,C (2112) Wuerzburg 1995}) 9... O-O 10. Nf4 Bf5 11. Bb2 Re8 12. O-O Rb8 13. Rfe1 Ne5 14. Rad1 a6 15. Qc1 c6 16. Qd2 ({White should try} 16. Ba3 $16) 16... b5 17. cxb5 axb5 18. Qxd6 Qxd6 19. Rxd6 g5 20. e4 gxf4 21. gxf4 $19 (21. exf5 $17 Nc4 22. Rxe8+ Nxe8 23. Rxc6 Nxb2 24. gxf4) 21... Ng6 22. Re3 Nxe4 23. Nxe4 Bxb2 24. Ng3 Rxe3 25. fxe3 Nh4 26. Bxc6 Bg6 27. Rd5 Rc8 28. Bxb5 Rc1+ 29. Kf2 Rc2+ 30. Be2 f6 31. f5 Bf7 32. Ra5 Bc3 33. Ra4 Be5 34. Rxh4 Rxa2 35. b4 Rb2 36. Ne4 Kg7 37. Nc5 Bd6 38. Ke1 Rb1+ 39. Kd2 Rb2+ 40. Kd1 Rb1+ 41. Kc2 Rh1 42. e4 Rxh2 43. Rxh2 Bxh2 44. Ne6+ Bxe6 45. fxe6 Bd6 46. b5 Kf8 47. Kd3 Ke7 48. Bg4 h5 49. Bh3 Kd8 50. Ke3 Kc7 51. Kf3 Kb6 52. Bf1 Kc5 53. Kg2 Be7 54. Kh3 Kd6 55. Bc4 Kc5 56. Kg2 Bd6 57. Be2 Be7 58. Kg3 Kd6 59. Bc4 Kc5 60. Kf3 Bd8 61. Bf1 Kd6 62. Bh3 Kc5 63. Bf5 Kxb5 64. Kg3 Kc5 65. Kh4 Kd6 1/2-1/2

[Event "ISR-ch Open 2018"]
[Site "Ma'alot-Tarshih"]
[Date "2018.12.18"]
[Round "7"]
[White "Gleizer, Mark"]
[Black "Chernomordik, Pavel"]
[Result "0-1"]
[ECO "A42"]
[WhiteElo "2186"]
[BlackElo "2277"]
[Annotator "NA"]
[PlyCount "112"]
[EventDate "2018.12.11"]
[EventType "swiss"]
[EventCountry "ISR"]
[SourceTitle "playchess.com"]
[Source "ChessBase"]
[SourceQuality "1"]
[TimeControl "40/5400+30:1800+30"]

1. d4 g6 2. c4 Bg7 3. Nc3 d6 4. e4 c6 5. Be3 a6 6. Rc1 {[%emt 0:00:33] A42: Modern Defence: Averbakh Variation} Nf6 7. f3 Nfd7 $146 ({Predecessor:} 7... b5 8. b3 Nbd7 9. Nh3 O-O 10. Nf2 Rb8 11. Be2 bxc4 12. bxc4 c5 13. d5 Qa5 14. Bd2 h5 {1-0 (32) Graf,A (2595)-Rothe,G (2235) Dresden 2007}) 8. Qd2 e5 9. d5 Nf6 10. Bd3 Nh5 11. Nge2 f5 12. c5 f4 13. Bf2 dxc5 14. Bxc5 Nd7 15. Bf2 c5 16. a4 O-O 17. Nb1 b6 18. b4 cxb4 19. Qxb4 Qg5 20. Rg1 Qd8 21. Nec3 Bf6 {[%emt 0:04:27] [#]} 22. Nd2 $1 Bh4 23. Nd1 Nc5 24. Be2 a5 $14 25. Qa3 Bd7 26. Rxc5 bxc5 27. g3 fxg3 28. hxg3 Be7 29. Nc4 Qb8 30. Ndb2 Ra7 31. Kd2 Rb7 32. Kc2 Nf6 33. Be1 Rb4 34. Bc3 Qe8 35. Ra1 Nh5 36. Bxe5 Bf6 37. Bd6 Bd4 38. Ra2 Rf6 39. Bc7 Qc8 40. Bd6 Qb7 41. g4 Nf4 42. Bxf4 Rxf4 43. Nxa5 Qc7 44. Nac4 Rf8 45. d6 Qd8 46. a5 Qh4 47. Qd3 Be6 48. a6 Bxb2 49. a7 Ra8 50. Rxb2 Rxc4+ 51. Qxc4 Bxc4 52. Rb8+ Kg7 53. Rxa8 Qf2 54. Rg8+ Bxg8 55. a8=Q Qxe2+ 56. Kc1 Qc4+ 0-1

[Event "ISR-ch Open 2018"]
[Site "Ma'alot-Tarshih"]
[Date "2018.12.18"]
[Round "7"]
[White "Kupervaser, Erez"]
[Black "Emanuel, Yahav"]
[Result "1/2-1/2"]
[ECO "C45"]
[WhiteElo "2168"]
[BlackElo "2221"]
[Annotator "NA"]
[PlyCount "139"]
[EventDate "2018.12.11"]
[EventType "swiss"]
[EventCountry "ISR"]
[SourceTitle "playchess.com"]
[Source "ChessBase"]
[SourceQuality "1"]
[TimeControl "40/5400+30:1800+30"]

1. e4 e5 2. Nf3 Nc6 3. d4 exd4 4. Nxd4 Nf6 5. Nxc6 bxc6 6. e5 Qe7 {[%emt 0:00:08] LiveBook: 3348 Games} 7. Qe2 Nd5 8. h4 d6 {[%emt 0:06:55] C45: Scotch Game} (8... Qe6 9. g3 Nb4 10. c4 Ba6 11. Bf4 d5 12. a3 Bxc4 13. Qd1 Bxf1 14. Kxf1 Na6 15. Nc3 Nc5 16. b4 {1-0 (32) Tomczak,J (2614)-Kramnik,V (2779) Batumi 2018}) 9. c4 Ba6 10. exd6 $146 ({Predecessor:} 10. Rh3 dxe5 11. Qe4 f5 12. Qxf5 Bc8 13. Qe4 Bxh3 14. gxh3 Nb6 15. Qxc6+ Qd7 16. Bg2 {0-1 (26) Sindarov,J (2488)-Rakshitta,R (2198) Abu Dhabi 2018}) 10... cxd6 11. Qxe7+ Nxe7 12. b3 h5 13. Bb2 Rh6 14. Be2 Re6 15. Nc3 d5 16. O-O-O dxc4 17. Bxh5 cxb3 18. axb3 Rb8 19. Na4 Be2 20. Bxe2 Rxe2 21. Nc3 Rxf2 22. Ne4 Rxg2 23. Nd6+ Kd7 24. Nxf7+ Nd5 25. Rh3 Bd6 26. Nxd6 Kxd6 27. Rf3 Kc5 28. Bd4+ Kb4 29. Rd2 Rxd2 30. Kxd2 Rh8 31. Bf2 $15 a5 32. Be1 Re8 33. Kd1+ Kb5 34. Bd2 Re4 35. Rf7 Rxh4 36. Rxg7 Nb4 37. Bxb4 Kxb4 38. Rb7+ Kc3 39. Rb6 Rh1+ 40. Ke2 Rh2+ 41. Kd1 Rh1+ 42. Ke2 Rh2+ 43. Kd1 c5 44. Rb5 Rh1+ 45. Ke2 Rh2+ 46. Kd1 Rh1+ 47. Ke2 Rh5 48. Kd1 Kb2 49. Kd2 Rd5+ 50. Ke3 Kc2 51. Ke4 Rg5 52. Kf4 Rh5 53. Ke4 Kc3 54. Ke3 Rf5 55. Ke4 Rh5 56. Ke3 Re5+ 57. Kf4 Re1 58. Rxc5+ Kb4 59. Rh5 Ra1 60. Ke3 Kxb3 61. Kd2 a4 62. Rb5+ Ka2 63. Kc2 Rh1 64. Rb7 a3 65. Rb8 Ka1 66. Rb7 Rh2+ 67. Kc1 Rb2 68. Ra7 a2 69. Rc7 Rc2+ 70. Rxc2 1/2-1/2

[Event "ISR-ch Open 2018"]
[Site "Ma'alot-Tarshih"]
[Date "2018.12.19"]
[Round "8"]
[White "Galburd, Yan"]
[Black "Taichman, Ori"]
[Result "1-0"]
[ECO "B27"]
[WhiteElo "2382"]
[BlackElo "2303"]
[Annotator "NA"]
[PlyCount "55"]
[EventDate "2018.12.12"]
[EventType "swiss"]
[EventCountry "ISR"]
[SourceTitle "playchess.com"]
[Source "ChessBase"]
[SourceQuality "1"]
[TimeControl "40/5400+30:1800+30"]

1. d4 g6 2. e4 Bg7 3. Nf3 c5 4. dxc5 Qa5+ 5. c3 Qxc5 6. Be3 {[%emt 0:05:30] LiveBook: 144 Games} Qc6 {[%emt 0:02:32] B27: Sicilian: 2 Nf3, unusual Black 2nd moves} (6... Qa5 7. Nbd2 d6 8. Nc4 Qc7 9. Bd4 Nf6 10. e5 dxe5 11. Bxe5 Qd7 12. Qxd7+ Bxd7 13. Bg3 Nc6 14. Nce5 Nxe5 15. Bxe5 {1-0 (51) Motylev,A (2656)-Kulaots,K (2571) Tallinn 2016}) 7. Bd3 b6 $146 ({Predecessor:} 7... Nf6 8. Nd4 Qc7 9. Nb5 Qa5 10. b4 Qd8 11. Nxa7 Nc6 12. Nxc8 Qxc8 13. O-O O-O 14. a3 {1-0 (25) Bezgodova,S (2198)-Zakharchenko,A (2315) Voronezh 2009}) 8. Qe2 Bb7 9. Nbd2 Nf6 10. e5 Nd5 11. Be4 Qc8 12. O-O f5 13. exf6 Nxf6 14. Bxb7 Qxb7 15. Bg5 Nc6 16. Rad1 O-O 17. Rfe1 Kh8 18. Ne4 Qc7 19. Nxf6 $16 Bxf6 20. Qc4 Rad8 21. Rxe7 Bxe7 22. Bxe7 Rde8 23. Bxf8 Rxf8 24. Qd5 Re8 25. Qf7 Qc8 26. Rxd7 Qxd7 27. Qxd7 Rd8 28. Qe6 1-0

[Event "ISR-ch Open 2018"]
[Site "Ma'alot-Tarshih"]
[Date "2018.12.19"]
[Round "8"]
[White "Libman, Guy"]
[Black "Kupervaser, Erez"]
[Result "1/2-1/2"]
[ECO "B39"]
[WhiteElo "2299"]
[BlackElo "2168"]
[Annotator "ChessBase"]
[PlyCount "50"]
[EventDate "2018.12.12"]
[EventType "swiss"]
[EventCountry "ISR"]
[SourceTitle "playchess.com"]
[Source "ChessBase"]
[SourceQuality "1"]
[TimeControl "40/5400+30:1800+30"]

1. e4 c5 2. Nf3 g6 3. d4 cxd4 4. Nxd4 Bg7 5. c4 Nc6 6. Be3 Nf6 7. Nc3 Ng4 8. Qxg4 Nxd4 9. Qd1 e5 10. Bd3 O-O 11. O-O b6 12. Rc1 Bb7 13. Ne2 Ne6 14. f3 Re8 15. Qd2 Bf8 16. Rfd1 Bc5 17. Bb1 Bxe3+ 18. Qxe3 Qe7 19. b3 Bc6 20. Rd2 Qc5 21. Kf2 a5 22. a4 Rf8 23. Bc2 Rae8 24. Qxc5 bxc5 25. Re1 Rb8 1/2-1/2

[Event "ISR-ch Open 2018"]
[Site "Ma'alot-Tarshih"]
[Date "2018.12.19"]
[Round "8"]
[White "Lukin, Elisha"]
[Black "Emanuel, Yahav"]
[Result "0-1"]
[ECO "D35"]
[WhiteElo "2280"]
[BlackElo "2221"]
[Annotator "NA"]
[PlyCount "52"]
[EventDate "2018.12.12"]
[EventType "swiss"]
[EventCountry "ISR"]
[SourceTitle "playchess.com"]
[Source "ChessBase"]
[SourceQuality "1"]
[TimeControl "40/5400+30:1800+30"]

1. d4 Nf6 2. c4 e6 3. Nc3 d5 4. cxd5 exd5 5. Bg5 c6 6. e3 h6 7. Bh4 Be6 {[%emt 0:00:16] D35: Queen's Gambit Declined: Exchange Variation} 8. Bd3 Nbd7 9. Nge2 g5 {[%emt 0:01:56] LiveBook: 10 Games} 10. Bg3 Nh5 11. h4 $146 ({Predecessor:} 11. Qc2 Nxg3 12. Nxg3 h5 13. Nf5 h4 14. O-O-O {½-½ (43) Karjakin,S (2783)-Meier,G (2630) chess.com INT 2017}) 11... Nxg3 12. Nxg3 gxh4 13. Nh5 (13. Nf5 $11 {remains equal.}) 13... Rg8 14. Nf4 Qg5 15. Qb3 {[%emt 0:08:00] [#]} Bd6 (15... O-O-O $1 $17) 16. Qxb7 ({Much weaker is} 16. Nxe6 fxe6 17. Qxb7 {[%mdl 64] Double Attack} Rb8 $17) 16... Rb8 17. Qxc6 Bxf4 18. exf4 Qxg2 19. O-O-O Qxf2 20. Rd2 Qxf4 21. Rf1 ({White should try} 21. Nxd5 $15 Bxd5 22. Qxd5 Rxb2 {[%mdl 64] Pin} 23. Qe4+ Qxe4 24. Bxe4 Rxd2 25. Kxd2) 21... Qg5 22. Nb5 Rb6 23. Nd6+ $2 (23. Qc3 $17 {is a better chance.}) 23... Kd8 24. Qa8+ Kc7 25. Ne8+ Rxe8 26. Qxe8 Rb8 $19 0-1